 Dungeon Crawl Stone Soup version 0.18.1-48-g4cf74bf (webtiles) character file.

4905 Joat the Thaumaturge (level 10, -2/50 HPs)
             Began as a Deep Elf Conjurer on July 26, 2016.
             Was a High Priest of Ru.
             Hit by a tomahawk thrown by an orc warrior (11 damage)
             ... on level 8 of the Dungeon on July 27, 2016.
             The game lasted 03:03:51 (15948 turns).

Joat the Thaumaturge (Deep Elf Conjurer)           Turns: 15948, Time: 03:03:52

Health: -2/50      AC:  5    Str:  7    XL:     10   Next: 27%
Magic:  18/27      EV: 15    Int: 24    God:    Ru [*****.]
Gold:   526        SH:  0    Dex: 15    Spells: 6 memorised, 13 levels left

rFire  + . .     SeeInvis .     L - +0 quarterstaff
rCold  . . .     Gourm    .     M - +2 leather armour {rF+}
rNeg   . . .     Faith    .     (shield currently unavailable)
rPois  .         Spirit   .     A - +0 helmet
rElec  .         Dismiss  .     (no cloak)
rCorr  .         Reflect  .     (no gloves)
SustAt +         Harm     .     T - +1 pair of boots
MR     +....                    (no amulet)
Stlth  +++.......               V - ring of sustain attributes
                                r - +2 ring of strength

@: exhausted, somewhat resistant to hostile enchantments, fairly stealthy
A: inability to use devices, reduced AC 1, unskilled 1
a: Draw Out Power, Power Leap, Apocalypse, Renounce Religion


You were on level 8 of the Dungeon.
You worshipped Ru.
Ru was extremely pleased with you.
You were not hungry.

You visited 2 branches of the dungeon, and saw 10 of its levels.

You collected 526 gold pieces.

Inventory:

Hand Weapons
 m - a +2 war axe of venom
 L - a +0 quarterstaff (weapon)
 Q - a +1 flail of protection
 S - a +0 shortbow
 Z - a +0 hunting sling
Missiles
 f - 132 arrows
 g - 12 tomahawks
 j - 148 stones
 o - 50 poisoned needles
 s - 32 bolts
 w - 66 sling bullets
 O - 7 javelins (quivered)
Armour
 e - a cursed -1 ring mail
 h - a +0 helmet
 p - a +0 robe
 q - a +0 leather armour
 A - a +0 helmet (worn)
 K - the +1 leather armour of Qilioll {SInv}
   (You found it on level 4 of the Dungeon)

   It lets you see invisible.
 M - a +2 leather armour of fire resistance (worn)
 P - a +0 robe
 R - a +0 scale mail
 T - a +1 pair of boots (worn)
Jewellery
 r - a +2 ring of strength (left hand)
 V - a ring of sustain attributes (right hand)
Scrolls
 d - 4 scrolls of remove curse
 i - a scroll of enchant weapon {unknown}
 v - 2 scrolls of fog {unknown}
 x - a scroll of enchant armour
 y - 3 scrolls of magic mapping
 E - a scroll of amnesia {unknown}
 J - 2 scrolls of blinking
 N - a scroll of vulnerability {unknown}
 W - a scroll of teleportation {unknown}
 X - a scroll of recharging {unknown}
Potions
 c - a potion of magic
 k - a potion of lignification
 u - 2 potions of brilliance
 z - a potion of flight {unknown}
 B - 2 potions of curing
 D - a potion of degeneration {unknown}
 F - 4 potions of might
 G - 5 potions of haste
 I - a potion of berserk rage {unknown}
Books
 b - a book of Conjurations

   Spells                             Type                      Level
   a - Magic Dart                     Conjuration                  1
   b - Searing Ray                    Conjuration                  2
   c - Dazzling Spray                 Conjuration/Hexes            3
   d - Fulminant Prism                Conjuration/Hexes            4
   e - Iskenderun's Mystic Blast      Conjuration                  4
   f - Iskenderun's Battlesphere      Conjuration/Charms           5
Comestibles
 a - 15 fruits
 l - a chunk of flesh
 t - 5 meat rations


   Skills:
 - Level 6.4 Dodging
 - Level 5.6 Stealth
 - Level 11.9 Spellcasting
 + Level 6.6 Conjurations
 - Level 5.3 Hexes
 - Level 7.2 Charms


You had 13 spell levels left.
You knew the following spells:

 Your Spells              Type           Power        Failure   Level  Hunger
a - Magic Dart            Conj           ####         1%          1    None
b - Searing Ray           Conj           #####.       1%          2    None
c - Dazzling Spray        Conj/Hex       #####.       1%          3    None
d - Fulminant Prism       Conj/Hex       #####.....   6%          4    None
e - Iskenderun's Mystic   Conj           #####...     4%          4    None
f - Iskenderun's Battles  Conj/Chrm      #####...     14%         5    ###....


Dungeon Overview and Level Annotations

Branches:
Dungeon (9/15)             Temple (1/1) D:4
   Lair: D:8-11         Orc: D:9-12

Altars:
Ashenzari
Cheibriados
Dithmenos
Elyvilon
Fedhas
Gozag
Kikubaaqudgha
Nemelex Xobeh
Okawaru
Qazlal
Ru
Sif Muna
Trog
Vehumet
Xom
Yredelemnul
The Shining One

Annotations:
D:5 Sigmund


Innate Abilities, Weirdness & Mutations

You cannot study or use magical devices.
You take slightly more damage. (AC -3)
You are somewhat unskilled (-1 Apt).


Message History

The orc warrior completely misses you.
You climb upwards.
There is a stone staircase leading down here.
Casting: Magic Dart
Confirm with . or Enter, or press ? or * to list all spells.
Aiming: Searing Ray
Press: ? - help, Shift-Dir - straight line, f - orc warrior
Aim: an orc warrior, wielding an enchanted broad axe and wearing a chain mail The searing ray hits the orc priest.
The orc priest is moderately wounded.
The searing ray misses the orc warrior.
The searing ray hits the orc priest.
The orc priest is severely wounded.
The searing ray hits the orc warrior.
The orc warrior is severely wounded.
The orc warrior hits you with an enchanted broad axe!!
* * * LOW HITPOINT WARNING * * *
Aiming: Power Leap
Press: ? - help, Dir - move target cursor, p - orc warrior The orc warrior throws a tomahawk.
The tomahawk hits you!
You die...

#...........#..###......### #.#
#........................## #P.
#...............#####.#...###..
#..........###.......<......#..
##.............##oo).#.##..####
#.................##.....#..#≈#
#......)..........######.#..#..
#.................##........#P.
#.............@...#..###....##.
#.........<.....♣♣♣♣♣♣ ♣♣♣#.##.
##........#....♣♣♣♣.♣♣ ♣.#..
##......##.....♣♣.♣.♣♣♣♣♣♣.#P.
#########....♣.♣♣.♣.♣♣.♣♣.#.P
#....♣.♣.♣♣....♣♣##..
#....♣.♣.♣♣♣._.♣ #..
#####♣.♣.♣♣...♣♣


#PP ♣♣.♣♣♣♣♣♣♣ ##. You could see an orc warrior and an orc priest.

Vanquished Creatures
  The ghost of Galewind the Thaumaturge, a novice DECj (D:7)
  Joseph (D:8)
  Grinder (D:6)
  Eustachio (D:5)
  Edmund (D:5)
  A soldier ant (D:8)
  2 water moccasins (D:7)
  3 orc warriors
  An eye of draining (D:8)
  2 sky beasts (D:8)
  5 ogres
  3 centaurs
  2 big kobolds
  5 giant frogs
  A wyvern skeleton (D:6)
  A scorpion (D:7)
  3 killer bees
  6 howler monkeys
  4 jellies
  5 electric eels (D:8)
  3 crimson imps
  4 giant frog skeletons
  5 hounds
  4 orc priests
  3 orc wizards
  2 iguanas
  3 worker ants
  A killer bee zombie (D:8)
  A hound zombie (D:5)
  A hound skeleton (D:6)
  2 worker ant zombies
  11 adders
  2 shadow imps
  2 oozes
  3 adder skeletons
  4 worms
  2 dart slugs (D:3)
  6 giant geckos
  18 orcs
  7 giant cockroaches
  6 goblins
  8 hobgoblins
  8 jackals
  4 quokkas
  A ball python (D:4)
  4 bats
  A giant gecko skeleton (D:5)
  5 giant newts
  2 jackal skeletons
  16 kobolds
  12 rats
200 creatures vanquished.

Vanquished Creatures (others)
  Maurice (D:8)
  A centaur (D:8)
  2 giant frogs (D:8)
  A hound (D:8)
  A worker ant (D:4)
  A bat (D:1)
  2 kobolds (D:7)
  17 fulminant prisms
26 creatures vanquished.

Grand Total: 226 creatures vanquished

Notes
Turn   | Place    | Note
--------------------------------------------------------------
     0 | D:1      | Joat the Deep Elf Conjurer began the quest for the Orb.
     0 | D:1      | Reached XP level 1. HP: 10/10 MP: 6/6
   218 | D:1      | Reached XP level 2. HP: 3/15 MP: 3/8
   496 | D:1      | Reached skill level 4 in Spellcasting
   524 | D:1      | Learned a level 2 spell: Searing Ray
  1198 | D:2      | Found a sacrificial altar of Ru.
  1223 | D:2      | Became a worshipper of Ru the Awakened
  1259 | D:2      | Reached XP level 3. HP: 18/19 MP: 8/11
  2217 | D:2      | Reached XP level 4. HP: 24/24 MP: 10/12
  2706 | D:3      | Found a blossoming altar of Fedhas.
  2803 | D:2      | Gained mutation: You are somewhat unskilled (-1 Apt). [Ru sacrifice]
  2803 | D:2      | Reached * piety under Ru
  3049 | D:3      | Found a white marble altar of Elyvilon.
  3154 | D:3      | Reached XP level 5. HP: 28/28 MP: 7/13
  3790 | D:3      | Found a basalt altar of Yredelemnul.
  4309 | D:4      | Found a staircase to the Ecumenical Temple.
  4402 | Temple   | Entered the Ecumenical Temple
  4561 | D:4      | Reached XP level 6. HP: 32/32 MP: 5/14
  4734 | D:4      | Got a smoking leather armour
  4783 | D:4      | Identified the +1 leather armour of Qilioll {SInv} (You found it on level 4 of the Dungeon)
  5814 | D:5      | Entered Level 5 of the Dungeon
  5865 | D:5      | Noticed Sigmund
  6053 | D:5      | Noticed Eustachio
  6485 | D:5      | Reached skill level 5 in Spellcasting
  6563 | D:5      | Gained mutation: You take slightly more damage. (AC -3) [Ru sacrifice]
  6563 | D:5      | Reached ** piety under Ru
  6650 | D:5      | Reached skill level 5 in Dodging
  6879 | D:5      | Found a bloodstained altar of Trog.
  7335 | D:6      | Reached XP level 7. HP: 33/36 MP: 10/17
  7342 | D:6      | Learned a level 3 spell: Dazzling Spray
  7496 | D:5      | Killed Eustachio
  7496 | D:5      | Reached skill level 5 in Conjurations
  7684 | D:5      | Reached skill level 6 in Spellcasting
  8061 | D:6      | Noticed Grinder
  8166 | D:5      | Noticed Edmund
  8523 | D:6      | Reached skill level 5 in Stealth
  8949 | D:5      | Killed Edmund
  8949 | D:5      | Reached XP level 8. HP: 19/41 MP: 2/20
  9112 | D:6      | Reached skill level 7 in Spellcasting
  9506 | D:6      | Paralysed by Grinder for 5 turns
  9677 | D:5      | Learned a level 4 spell: Fulminant Prism
 10503 | D:6      | Reached skill level 1 in Hexes
 10515 | D:6      | Learned a level 4 spell: Iskenderun's Mystic Blast
 10659 | D:6      | Found a glowing golden altar of the Shining One.
 10764 | D:6      | Found a stormy altar of Qazlal.
 10863 | D:6      | Paralysed by Grinder for 2 turns
 10866 | D:6      | Killed Grinder
 10982 | D:6      | Learned a level 5 spell: Iskenderun's Battlesphere
 11053 | D:6      | Reached skill level 5 in Hexes
 11362 | D:7      | Reached XP level 9. HP: 45/45 MP: 17/22
 11389 | D:7      | Noticed Galewind's ghost (novice DECj)
 11403 | D:7      | Reached skill level 1 in Charms
 11409 | D:7      | Killed Galewind's ghost
 11409 | D:7      | Reached skill level 5 in Charms
 12183 | D:7      | Gained mutation: You cannot study or use magical devices. [Ru sacrifice]
 12183 | D:7      | Reached *** piety under Ru
 12183 | D:7      | Reached **** piety under Ru
 12183 | D:7      | Reached ***** piety under Ru
 12315 | D:7      | Reached skill level 8 in Spellcasting
 12827 | D:8      | Reached skill level 9 in Spellcasting
 13279 | D:8      | Noticed Joseph
 13296 | D:8      | Reached skill level 10 in Spellcasting
 13299 | D:8      | Killed Joseph
 13317 | D:8      | Reached XP level 10. HP: 31/50 MP: 1/26
 13905 | D:8      | Killed Maurice
 13913 | D:8      | HP: 2/50 [orc warrior/hand axe (12)]
 13914 | D:8      | Reached skill level 11 in Spellcasting
 14478 | D:8      | Found an opulent altar of Gozag.
 14711 | D:8      | Found a sparkling altar of Nemelex Xobeh.
 14843 | D:8      | Found a blossoming altar of Fedhas.
 15948 | D:8      | Hit by a tomahawk thrown by an orc warrior

Skill      XL: |  1  2  3  4  5  6  7  8  9 10 |
---------------+-------------------------------+-----
Spellcasting   | 4 5 6 7 10 11 | 11.9
Dodging        | 3 4 5 6 |  6.4
Stealth        | 3 4 5 |  5.6
Conjurations   | 5 6 |  6.6
Hexes          | 5 |  5.3
Charms         | 7 |  7.2

Action                   |  1- 3 |  4- 6 |  7- 9 | 10-12 || total
-------------------------+-------+-------+-------+-------++-------
Melee: Spear             |    25 |       |       |       ||    25
       Short sword       |    17 |    16 |       |       ||    33
       Quarterstaff      |       |     6 |    27 |    40 ||    73
       Flail             |       |       |    10 |       ||    10
 Fire: Shortbow          |       |       |     3 |       ||     3
Throw: Javelin           |       |       |     2 |       ||     2
 Cast: Magic Dart        |    54 |    71 |   133 |    30 ||   288
       Searing Ray       |     5 |    32 |    45 |    16 ||    98
       Dazzling Spray    |       |       |    29 |     6 ||    35
       Iskenderun's Myst |       |       |     7 |    11 ||    18
       Fulminant Prism   |       |       |    10 |     7 ||    17
Invok: Sacrifice Skill   |       |     1 |       |       ||     1
       Sacrifice Health  |       |     1 |       |       ||     1
       Sacrifice Artific |       |       |     1 |       ||     1
       Power Leap        |       |       |       |     1 ||     1
  Use: Scroll            |       |       |     7 |     2 ||     9
       Potion            |       |       |     2 |       ||     2
 Stab: Sleeping          |     2 |       |       |       ||     2
       Invisible         |       |       |     2 |       ||     2
  Eat: Chunk             |     4 |    10 |     7 |     2 ||    23
       Bread ration      |       |     2 |     1 |     2 ||     5
       Beef jerky        |       |       |     1 |       ||     1
       Pizza             |       |       |     2 |       ||     2
Armor: Robe              |    15 |     6 |       |       ||    21
       Leather armour    |       |     6 |    25 |     3 ||    34
Dodge: Dodged            |    46 |    42 |   132 |    26 ||   246
